 Dungeon Crawl Stone Soup version 0.18-a0-1577-gf591c28 (console) character file.

1698 Liam the Thaumaturge (level 8, -2/46 HPs)
             Began as a High Elf Wizard on Mar 18, 2016.
             Slain by a gnoll (7 damage)
             ... on level 6 of the Dungeon.
             The game lasted 00:20:13 (8144 turns).

Liam the Thaumaturge (High Elf Wizard)              Turns: 8144, Time: 00:20:13

Health: -2/46      AC:  7    Str:  4 (6)  XL:     8   Next: 72%
Magic:  0/21       EV: 11    Int: 22 (24) God:
Gold:   104        SH:  0    Dex: 14      Spells: 5 memorised, 12 levels left

rFire  . . .     SeeInvis .     (no weapon)
rCold  . . .     Gourm    .     x - +3 leather armour {rN+}
rNeg   + . .     Faith    .     (no shield)
rPois  .         Spirit   .     b - +0 hat
rElec  .         Dismiss  .     (no cloak)
rCorr  .         Reflect  .     f - +0 pair of gloves
SustAt .         Harm     .     (no boots)
MR     .....                    (no amulet)
Stlth  ++........               (no ring)
                                (no ring)

@: not resistant to hostile enchantments, unstealthy
A: no striking features
a: no special abilities


You were on level 6 of the Dungeon.
You were very hungry.

You visited 1 branch of the dungeon, and saw 7 of its levels.

You collected 150 gold pieces.
You spent 46 gold pieces at shops.

Inventory:

Armour
 b - a +0 hat (worn)
 f - a +0 pair of gloves (worn)
 x - a +3 leather armour of positive energy (worn)
Rods
 a - a -1 rod of shadows (14/14)
   (You found it on level 7 of the Dungeon)
Wands
 y - a wand of random effects (30/48)
Scrolls
 e - 6 scrolls of identify {unknown}
 l - 3 scrolls of magic mapping {unknown}
 m - a scroll of enchant weapon {unknown}
 p - 4 scrolls of remove curse {unknown}
 r - a scroll of recharging {unknown}
 t - 3 scrolls of teleportation {unknown}
Potions
 g - a potion of heal wounds
 k - 2 potions of might {unknown}
 n - a potion of lignification {unknown}
 q - 2 potions of berserk rage {unknown}
 s - a potion of cancellation {unknown}
 u - a potion of haste {unknown}
 v - a potion of magic {unknown}
 z - a potion of curing
Books
 c - a book of Minor Magic

   Spells                             Type                      Level
   a - Magic Dart                     Conjuration                  1
   b - Blink                          Translocation                2
   c - Call Imp                       Summoning                    2
   d - Repel Missiles                 Charms/Air                   2
   e - Slow                           Hexes                        2
   f - Conjure Flame                  Conjuration/Fire             3
   g - Mephitic Cloud                 Conjuration/Poison/Air       3
Comestibles
 d - 5 bread rations
 o - 2 slices of pizza
 w - 2 meat rations


   Skills:
 - Level 2.1 Dodging
 - Level 2.1 Stealth
 + Level 8.4 Spellcasting
 + Level 7.7 Conjurations
 + Level 2.3 Charms
   Level 0.8 Summonings
 + Level 2.9 Translocations
 + Level 1.8 Fire Magic
 + Level 2.5 Air Magic
 + Level 1.4 Poison Magic


You had 12 spell levels left.
You knew the following spells:

 Your Spells              Type           Power        Failure   Level  Hunger
a - Magic Dart            Conj           ####         1%          1    None
b - Blink                 Tloc           N/A          8%          2    None
d - Mephitic Cloud        Conj/Pois/Air  ####....     10%         3    None
e - Conjure Flame         Conj/Fire      ####....     8%          3    None
m - Repel Missiles        Chrm/Air       ###...       10%         2    None


Dungeon Overview and Level Annotations

Branches:
Dungeon (7/15)
 Temple: D:4-7

Altars:
Dithmenos
Elyvilon
Okawaru
Qazlal
Trog

Shops:
D:5 [

Annotations:
D:1 Ijyb


Message History

* * * LOW HITPOINT WARNING * * *
Casting: Magic Dart
Confirm with . or Enter, or press ? or * to list all spells.
Aiming: Magic Dart
Press: ? - help, Shift-Dir - straight line, f/p - gnoll
Aim: a gnoll (heavily wounded)
The magic dart hits the gnoll.
The gnoll is severely wounded.
The gnoll hits you with a flail.
* * * LOW HITPOINT WARNING * * *
The gnoll barely misses you.
You closely miss the gnoll.
The gnoll is severely wounded.
The gnoll misses you. The gnoll barely misses you.
You closely miss the gnoll.
The gnoll is severely wounded.
The gnoll hits you with a flail.
* * * LOW HITPOINT WARNING * * *
The gnoll hits you!
You die...

#########
#@g......
#g#######
#.# #.#
... #.#
..? ...


You could see 2 gnolls.

Vanquished Creatures
  Grinder (D:4)
  A two-headed ogre (D:3)
  Sigmund (D:4)
  The ghost of Liam the Magician, an amateur DECj (D:4)
  An orc warrior (D:6)
  3 ogres
  2 giant frog zombies
  2 orc priests
  An orc wizard (D:6)
  A hound (D:4)
  A jelly (D:6)
  A giant frog skeleton (D:6)
  2 iguanas (D:5)
  5 worker ants
  Natasha (thrice) (D:4)
  3 gnolls
  6 adders
  2 oozes
  2 dart slugs
  6 giant geckos
  19 orcs
  4 giant cockroaches
  12 goblins
  5 hobgoblins
  4 jackals
  2 quokkas
  A ball python (D:4)
  6 bats
  6 giant newts
  6 kobolds
  10 rats
120 creatures vanquished.

Notes
Turn   | Place    | Note
--------------------------------------------------------------
     0 | D:1      | Liam the High Elf Wizard began the quest for the Orb.
     0 | D:1      | Reached XP level 1. HP: 11/11 MP: 6/6
   590 | D:1      | Reached XP level 2. HP: 17/17 MP: 2/7
   669 | D:1      | Learned a level 2 spell: Blink
   757 | D:1      | Reached skill level 4 in Spellcasting
  1059 | D:2      | Found a stormy altar of Qazlal.
  1062 | D:2      | Reached XP level 3. HP: 21/21 MP: 6/9
  1197 | D:2      | Noticed Ijyb
  1827 | D:2      | Reached XP level 4. HP: 16/27 MP: 2/11
  1922 | D:2      | Found an iron altar of Okawaru.
  2535 | D:3      | Noticed a two-headed ogre
  2900 | D:3      | Reached skill level 5 in Spellcasting
  2900 | D:3      | Reached XP level 5. HP: 31/31 MP: 4/13
  3539 | D:3      | Killed a two-headed ogre
  3539 | D:3      | Reached skill level 6 in Spellcasting
  3539 | D:3      | Reached skill level 5 in Conjurations
  3539 | D:3      | Reached XP level 6. HP: 36/36 MP: 2/16
  4158 | D:4      | Noticed Natasha
  4228 | D:4      | Noticed Sigmund
  4506 | D:4      | Noticed Liam's ghost (amateur DECj)
  4627 | D:4      | Learned a level 3 spell: Conjure Flame
  4630 | D:4      | Learned a level 2 spell: Repel Missiles
  4634 | D:4      | Learned a level 3 spell: Mephitic Cloud
  4643 | D:4      | Reached XP level 7. HP: 37/41 MP: 15/17
  4730 | D:4      | Killed Liam's ghost
  4730 | D:4      | Reached skill level 7 in Spellcasting
  4883 | D:4      | Killed Sigmund
  4920 | D:4      | Found a white marble altar of Elyvilon.
  4961 | D:4      | Noticed Grinder
  5337 | D:4      | Killed Grinder
  5337 | D:4      | Reached skill level 8 in Spellcasting
  5337 | D:4      | Reached XP level 8. HP: 46/46 MP: 13/21
  5443 | D:4      | Killed Natasha
  5527 | D:4      | Noticed Natasha
  5530 | D:4      | Killed Natasha
  5725 | D:4      | Found a white marble altar of Elyvilon.
  6203 | D:4      | Noticed Natasha
  6208 | D:4      | Killed Natasha
  6208 | D:4      | Reached skill level 1 in Air Magic
  6440 | D:5      | Entered Level 5 of the Dungeon
  6529 | D:5      | Reached skill level 1 in Charms
  6539 | D:5      | Found Vaikeasu's Antique Armour Emporium.
  6545 | D:5      | Bought a runed leather armour for 46 gold pieces
  6729 | D:5      | Reached skill level 1 in Fire Magic
  7000 | D:5      | Reached skill level 1 in Poison Magic
  7433 | D:5      | Found a bloodstained altar of Trog.
  7438 | D:5      | Found an iron altar of Okawaru.
  7573 | D:6      | Found a shadowy altar of Dithmenos.
  7906 | D:6      | HP: 2/46 [poisoned by a scorpion]
  8144 | D:6      | Slain by a gnoll

Vault maps used:
D:1:      dpeg_arrival_rhombi
D:2:      kennysheep_the_goblin_king, lemuel_round_altar,
          okawaru_altar_gauntlet_db
D:3:      kennysheep_another_room
D:4:      lemuel_doored_altar, hangedman_decor_clover_reticule, uniq_sigmund,
          uniq_natasha, uniq_grinder
D:5:      grunt_temple_overflow_bloody_war, nicolae_ossuary_entry_plus,
          serial_shops, shop, first_bread, serial_glass, glass_columns_a,
          glass_columns_a, minmay_strange_pillars, item_on_display_a
D:6:      nicolae_overflow_hidden_temple, temple_green, uniq_duvessa
D:7:      makhleb_heckhound_becter, lemuel_coloured_pillars_altar

Skill      XL: |  1  2  3  4  5  6  7  8 |
---------------+-------------------------+-----
Conjurations   | 2 3 4 5 7 |  7.7
Spellcasting   | 4 5 6 8 |  8.4
Air Magic      | 2 |  2.5
Charms         | 2 |  2.3
Fire Magic     | 1 |  1.8
Poison Magic   | 1 |  1.4
Translocations | 2 |  2.9
Dodging        | |  2.1
Stealth        | |  2.1
Summonings     | |  0.8

Action                   |  1- 3 |  4- 6 |  7- 9 || total
-------------------------+-------+-------+-------++-------
Melee: Unarmed           |     1 |     5 |     9 ||    15
 Cast: Magic Dart        |    84 |   144 |   198 ||   426
       Blink             |     4 |     3 |     4 ||    11
       Mephitic Cloud    |       |       |     7 ||     7
       Conjure Flame     |       |       |     2 ||     2
  Use: Potion            |       |       |     7 ||     7
       Scroll            |       |       |     2 ||     2
  Eat: Chunk             |     2 |     7 |    10 ||    19
       Beef jerky        |       |     1 |       ||     1
